 Dungeon Crawl Stone Soup version 0.28-a0-850-g09de17f5b5 (webtiles) character file.

Game seed: 16016996682174078952

62 Crownlay the Changer (level 4, 0/28 HPs)
             Began as an Octopode Transmuter on Nov 13, 2021.
             Succumbed to an adder's poison
             ... on level 2 of the Dungeon.
             The game lasted 00:02:29 (3251 turns).

Crownlay the Changer (Octopode Transmuter)          Turns: 3251, Time: 00:02:29

Health: 0/28       AC:  1    Str:  9    XL:     4   Next: 8%
Magic:  7/7        EV: 13    Int: 15    God:
Gold:   68         SH:  0    Dex: 13    Spells: 3/7 levels left

rFire   . . .      SeeInvis .     - Unarmed
rCold   . . .      Faith    .   (no shield)
rNeg    . . .      Spirit   .   (helmet currently unavailable)
rPois   .          Reflect  .   (no amulet)
rElec   .          Harm     .   (no ring)
rCorr   .          Rampage  .   (no ring)
Will    .....                   (no ring)
Stlth   ++........              (no ring)
HPRegen 0.09/turn               (no ring)
MPRegen 0.10/turn               (no ring)
                                (no ring)
                                (no ring)

@: brilliant, lethally poisoned (0 -> -3), appendages (expiring)
A: tentacle spike 3, almost no armour, amphibious, 8 rings, camouflage 1,
gelatinous body 1, (nimble swimmer 1), tentacles
a: End Transformation


You were on level 2 of the Dungeon.
One of your tentacles had grown a beastly spike.
You visited 1 branch of the dungeon, and saw 2 of its levels.

You collected 68 gold pieces.

Inventory:

Scrolls
 b - 5 scrolls of identify
 d - a scroll of blinking {unknown}
 e - a scroll of magic mapping {unknown}
 f - a scroll of teleportation {unknown}
Potions
 a - a potion of haste


   Skills:
 - Level 1.0 Fighting
 - Level 2.0 Dodging
 - Level 3.3 Unarmed Combat
 - Level 2.0 Spellcasting
 * Level 3.9 Transmutations


You had 3 spell levels left.
You knew the following spells:

 Your Spells              Type           Power      Damage    Failure   Level
a - Beastly Appendage     Tmut           40%        N/A       4%          1
b - Spider Form           Tmut/Pois      11%        N/A       30%         3

Your spell library contained the following spells:

 Spells                   Type           Power      Damage    Failure   Level
 Wereblood                Tmut           20%        N/A       7%          2
 Ice Form                 Ice/Tmut       11%        N/A       69%         4


Dungeon Overview and Level Annotations

Branches:
Dungeon (2/15)

Altars:


Innate Abilities, Weirdness & Mutations

One of your tentacles has grown a beastly spike.
You cannot wear most types of armour.
You are amphibious.
You can wear up to eight rings at the same time.
Your skin changes colour to match your surroundings (Stealth+).
Your rubbery body absorbs attacks. (AC +1, EV +1)
((You are camouflaged near water. (Stealth+)))
You have tentacles for arms and can constrict up to eight enemies at once.


Message History

You closely miss the adder. Your grab misses the adder.
You pierce the adder.
The adder is lightly wounded.
The jackal misses you. The adder barely misses you.
You barely miss the adder. Your grab misses the adder.
The adder is lightly wounded.
The jackal barely misses you. The adder bites you.
You tentacle-slap the adder. You grab the adder.
You squeeze the adder, but do no damage.
The adder is heavily wounded.
You constrict the adder. The adder bites you. The jackal bites you.
You are too injured to fight recklessly!
You are too injured to fight recklessly!
You release your grip on the adder.
The jackal bites you but does no damage.
The jackal barely misses you. The jackal closely misses you.
The jackal bites you.
Your transformation is almost over.
The jackal bites you.
You tentacle-slap the jackal.
You kill the jackal!
You tentacle-slap the adder. Your grab misses the adder.
The adder is severely wounded.
The adder bites you.
* * * LOW HITPOINT WARNING * * *
The adder bites you.
* * * LOW HITPOINT WARNING * * *
You are lethally poisoned!
The adder poisons you!
You tentacle-slap the adder. Your grab misses the adder.
The adder is severely wounded.
* * * LOW HITPOINT WARNING * * *
You feel sick. The adder closely misses you.
You closely miss the adder. Your grab misses the adder.
You pierce the adder.
You kill the adder!
* * * LOW HITPOINT WARNING * * *
You feel sick.
You have reached level 4!
It was a potion of brilliance.
You feel clever all of a sudden.
You die...

#... #..# ###
...# ..#
#####..# #.#
#.. ...# #.# #
#.# #†.# #.#
#.#.# #..# #.#
#.###.#.###..#
#.#
#.......@h...#
#.#
##.###.####.#
#.#
#..........#
#.###
#####.######
....# #####.#
#.#.# #.....#
#.#.# #.#####
..#.# #.#
###.#
#.##########


You could see a jackal.

Vanquished Creatures
  2 adders (D:2)
  A dart slug (D:2)
  2 bats
  5 endoplasms
  A giant cockroach (D:1)
  A goblin (D:1)
  6 hobgoblins
  6 jackals
  A quokka (D:2)
  3 ball pythons
  A frilled lizard (D:1)
  5 kobolds
  3 rats (D:1)
37 creatures vanquished.

Notes
Turn   | Place    | Note
-------+----------+-------------------------------------------
     0 | D:1      | Crownlay the Octopode Transmuter began the quest for the
                  | Orb.
     0 | D:1      | Reached XP level 1. HP: 13/13 MP: 3/3
   259 | D:1      | Found a faded altar of an unknown god.
   677 | D:1      | Reached XP level 2. HP: 4/18 MP: 5/5
  1845 | D:1      | Reached XP level 3. HP: 23/23 MP: 4/6
  2290 | D:2      | Learned a level 3 spell: Spider Form
  3250 | D:2      | HP: 1/23 [poisoned by an adder]
  3251 | D:2      | Reached XP level 4. HP: 1/28 MP: 7/7
  3251 | D:2      | Succumbed to an adder's poison

Illustrated notes

Levels and vault maps discovered:
D:1:      wheals_arrival_shading, layout_basic,
          dreamdust_ecumenical_altar_angels_and_demons
D:2:      layout_loops_ring, grunt_ministairs_3, minmay_misc_feat_cross,
          uniq_crazy_yiuf_cottage

Skill      XL: |  1  2 |
---------------+-------+-----
Transmutations | 3 |  3.9
Fighting       | |  1.0
Dodging        | |  2.0
Unarmed Combat | |  3.3
Spellcasting   | |  2.0

Action                   |  1- 3 |  4- 6 || total
-------------------------+-------+-------++-------
Melee: Unarmed           |   108 |       ||   108
       Constrict         |    24 |       ||    24
       Tentacles         |    18 |       ||    18
       Kick              |     8 |       ||     8
       Punch             |     1 |       ||     1
 Cast: Beastly Appendage |    14 |       ||    14
  Use: Scroll            |     1 |       ||     1
       Potion            |       |     1 ||     1
 Stab: Sleeping          |     5 |       ||     5
Armor: Skin              |    10 |       ||    10
Dodge: Dodged            |    53 |       ||    53

Table legend: (Time is in decaauts)
 A = Elapsed time spent in this place.
 B = Non-inter-level travel time spent in this place.
 C = Inter-level travel time spent in this place.
 D = Time resting spent in this place.
 E = Time spent auto-exploring this place.
 F = Levels seen in this place.
 G = Mean time per level.
                   A        B        C        D        E       F      G
               +--------+--------+--------+--------+--------+-----+--------+
         Total |   3245 |   3229 |     16 |      0 |   2944 |   2 | 1622.5 |
       Dungeon |   3245 |   3229 |     16 |      0 |   2944 |   2 | 1622.5 |
               +--------+--------+--------+--------+--------+-----+--------+

Top non-repeatable levels by time:
     D:1: 2211 daAuts
     D:2: 1033 daAuts
